[Event "Rapid della Domenica"]
[Site "Chess.com"]
[Date "2020.05.17"]
[Round "1"]
[White "crippo"]
[Black "SanSecondoPR"]
[Result "1-0"]
[WhiteElo "1524"]
[BlackElo "1266"]
[TimeControl "720+3"]
[EndTime "6:04:41 PDT"]
[Termination "crippo ha vinto per abbandono"]

1. e4 e5 2. Nf3 Nc6 3. Bc4 Nf6 4. d3 h6 5. Be3 Be7 6. Nc3 O-O 7. a3 d6 8. Qd2 Bg4 9. h3 Bxf3 10. gxf3 Nd4 11. Bxd4 exd4 12. Nd5 Nxd5 13. Bxd5 c6 14. Ba2 Qb6 15. O-O-O c5 16. Rhg1 Bf6 17. Qxh6 Rae8 18. Rxg7+ Bxg7 19. Rg1 1-0

[Event "Rapid della Domenica"]
[Site "Chess.com"]
[Date "2020.05.17"]
[Round "1"]
[White "toninoiuorio"]
[Black "caramante"]
[Result "0-1"]
[WhiteElo "1406"]
[BlackElo "1577"]
[TimeControl "720+3"]
[EndTime "6:09:02 PDT"]
[Termination "caramante ha vinto per scaccomatto"]

1. d4 Nf6 2. c4 g6 3. Nc3 Bg7 4. e4 d6 5. f3 O-O 6. Be3 Nbd7 7. Qd2 c6 8. O-O-O a6 9. Kb1 b5 10. c5 Qc7 11. cxd6 exd6 12. Rc1 Bb7 13. Bd3 Nb6 14. Nge2 Nc4 15. Bxc4 bxc4 16. Na4 Rab8 17.
Rc2 Bc8 18. Rhc1 Qe7 19. Rxc4 Bd7 20. Nec3 Rfc8 21. g4 Ne8 22. d5 c5 23. b3 Nc7 24.
Nb2 Nb5 25. Nxb5 axb5 26. R4c2 Ra8 27. Bg5 Qe5 28. Bf4 Qe7 29. h4 Rc7 30. Qh2 Rca7 31. Nd1 Ra6 32. h5 g5 33. Bd2 b4 34. Ne3 Qf6 35. e5 dxe5 36. Rxc5 e4 37. fxe4 Qb2# 0-1

[Event "Rapid della Domenica"]
[Site "Chess.com"]
[Date "2020.05.17"]
[Round "1"]
[White "laremaro"]
[Black "sirmale49"]
[Result "0-1"]
[WhiteElo "1606"]
[BlackElo "1450"]
[TimeControl "720+3"]
[EndTime "6:16:04 PDT"]
[Termination "sirmale49 ha vinto per abbandono"]

1. e4 d5 2. Nc3 d4 3. Nce2 Nc6 4. Ng3 Nf6 5. Bb5 Bd7 6. Nf3 e5 7. d3 Bd6 8. O-O a6 9. Bc4 Be6 10. Bb3 O-O 11. Bxe6 fxe6 12. Ng5 Qe7 13. Nh5 h6 14. Nxf6+ Qxf6 15. Nh3 Ne7 16. f4 exf4 17. Nxf4 Bxf4 18.
Bxf4 Ng6 19. Bxc7 Qxf1+ 20. Qxf1 Rxf1+ 21. Rxf1 e5 22. c4 dxc3 23. bxc3 Rc8 24. Ba5 b6 25. Bxb6 Rxc3 26. Rd1 Rc2 27. a4 Nf4 28. g3 Nh3+ 29.
Kh1 Ng5 30. a5 Nf3 31. Bg1 Ra2 32. Rf1 Nxg1 33. Kxg1 Rxa5 34. Rf5 Rb5 35. h4 a5 36.
Kf2 a4 37. Ke3 a3 38. Rf1 a2 39. Ra1 Ra5 40. Kd2 Kf7 41. d4 exd4 42. Kd3 Ke6 43. Kxd4 Ra4+ 44. Ke3 Ke5 45. Kf3 h5 46. g4 Ra3+ 47.
Ke2 hxg4 48. Kf2 Kxe4 49. Kg2 g3 50. h5 Kf4 0-1

[Event "Rapid della Domenica"]
[Site "Chess.com"]
[Date "2020.05.17"]
[Round "1"]
[White "fausto2p"]
[Black "malberici"]
[Result "0-1"]
[WhiteElo "1201"]
[BlackElo "1549"]
[TimeControl "720+3"]
[EndTime "6:21:31 PDT"]
[Termination "malberici ha vinto per tempo"]

1. d4 Nf6 2. c4 g6 3. Nc3 d6 4. e4 Bg7 5. f3 O-O 6. Be3 a6 7. g4 b5 8. cxb5 axb5 9. Bxb5 c6 10.
Bc4 Qa5 11. Bd2 Qc7 12. Be3 Nbd7 13. Nge2 Nb6 14. Bd3 Ba6 15. Bxa6 Rxa6 16. b3 Nfd7 17. Qd2 c5 18. Nb5 Qb7 19. Bh6 cxd4 20. Bxg7 Kxg7 21. Qxd4+ f6 22. g5 Ne5 23. gxf6+ Kxf6 24. f4 Rd8 25. fxe5+ dxe5 26. Qxd8 Qxe4 27. Rf1+ Ke6 28. Qc8+ Nxc8 29. Nc7+ Kd7 30. Nxa6 Qh4+ 31. Ng3 Qxh2 32. Rd1+ Kc6 33.
Nb4+ Kb7 34. Ne2 Qh4+ 35. Rf2 Qxb4+ 36. Kf1 Nd6 37. Ng3 Qg4 38. Rd3 e4 39. Rd4 Qxg3 40. Rb4+ Kc7 41. Rc2+ Kd7 42. Rg2 Qf3+ 43. Rf2 Qh3+ 44.
Rg2 Qd3+ 45. Re2 e3 46. Ra4 Qd1+ 47. Re1 e2+ 0-1

[Event "Rapid della Domenica"]
[Site "Chess.com"]
[Date "2020.05.17"]
[Round "1"]
[White "sergiodone"]
[Black "pedrak"]
[Result "0-1"]
[WhiteElo "1436"]
[BlackElo "1677"]
[TimeControl "720+3"]
[EndTime "6:27:57 PDT"]
[Termination "pedrak ha vinto per tempo"]

1. e4 d5 2. exd5 Qxd5 3. c4 Qd8 4. d4 Nf6 5. Nc3 e6 6. Nge2 Be7 7. g3 O-O 8. Bg2 c6 9. O-O Nbd7 10. b3 Re8 11.
Bb2 Nf8 12. Qc2 Qc7 13. Rad1 a6 14. Ne4 Nxe4 15. Bxe4 Ng6 16. Qc3 Bf6 17. Qf3 Bd7 18. h4 Nf8 19. Nf4 Rad8 20. Nh5 Be7 21. d5 f5 22. Bb1 g6 23. Ng7 e5 24. Nxe8 Rxe8 25. h5 Bf6 26. d6 Qd8 27. Qe2 Kg7 28. Qd2 Ne6 29. h6+ Kf7 30. b4 Bg5 31. Qc2 Bxh6 32. c5 Bg7 33. Rde1 Ng5 34. Kg2 Ne4 35. Rxe4 fxe4 36.
Qxe4 Bf5 37. Qc4+ Kf8 38. Bxf5 gxf5 39. Rh1 h6 40. Rh5 Qf6 41. f4 Qg6 42. Rh3 exf4 43.
d7 Rd8 44. Bxg7+ Qxg7 45. Qb3 Rxd7 46. Qc2 Qg6 47. Qe2 Re7 48. Qd2 f3+ 49. Kf1 Kg7 50.
Qd4+ Kh7 51. Qd8 Qe6 52. Rxh6+ Kxh6 53. Qh8+ Kg6 0-1

[Event "Rapid della Domenica"]
[Site "Chess.com"]
[Date "2020.05.17"]
[Round "1"]
[White "Mrtre7"]
[Black "OMatteoWuO"]
[Result "1/2-1/2"]
[WhiteElo "1435"]
[BlackElo "1171"]
[TimeControl "720+3"]
[EndTime "6:32:38 PDT"]
[Termination "Partita patta per ripetizione di mosse"]

1. d4 Nf6 2. c4 g6 3. Nc3 Bg7 4. e4 d6 5. Nf3 O-O 6. Be2 Nbd7 7.
O-O e5 8. Be3 a5 9. Na4 Nxe4 10.
dxe5 Nxe5 11. Nxe5 Bxe5 12. Qd5 Nf6 13. Qf3 Bg4 14. Qxb7 Bxe2 15. Rfe1 Bh5 16. f4 Rb8 17. Qc6 Bxb2 18. Rab1 Re8 19. Rxb2 Rxb2 20. Nxb2 Ng4 21. Bd2 Rxe1+ 22. Bxe1 Qe7 23. Qa8+ Kg7 24. Bc3+ f6 25. Qa7 Qe3+ 26. Qxe3 Nxe3 27. Bxa5 c6 28. h3 Be2 29.
Kf2 Nxc4 30. Nxc4 Bxc4 31. Bc7 d5 32. a4 f5 33. Ke3 Kf7 34. Kd4 Ke7 35. Kc5 Kd7 36. Bb6 h6 37. g3 g5 38. a5 Bb5 39.
Ba7 Kc7 40. Bb6+ Kb7 41. Kd4 gxf4 42. gxf4 h5 43. h4 Kc8 44. Ke5 Bd3 45. Kf6 Kd7 46. Kg6 Kd6 47. Kxh5 c5 48. Kg5 c4 49. a6 Kc6 50. a7 Kb7 51. h5 c3 52.
h6 c2 53. Be3 d4 54. Bd2 Kxa7 55. h7 Be4 56. h8=Q d3 57. Qg7+ Ka6 58. Qf6+ Kb7 59. Qe7+ Ka6 60. Qd6+ Kb7 61. Qd7+ Ka6 62. Be3 Ka5 63.
Qd6 Ka4 64. Bd2 Kb5 65. Qe5+ Kc6 66. Qe6+ Kb5 67. Qd6 Kc4 68. Qc7+ Kd5 69. Qe5+ Kc6 70. Qc3+ Kd5 71. Be3 Ke6 72. Qc5 Kd7 73. Qc3 Ke6 74.
Qe5+ Kd7 75. Qg7+ Kc6 76. Qg6+ Kd7 77. Qa6 Ke7 78. Qa7+ Ke6 79. Qb6+ Kd7 80. Qd4+ Ke6 81. Qe5+ Kd7 82. Qg7+ Kc6 83. Qg6+ Kd7 84. Qa6 Ke7 85. Qa7+ Kd6 86. Qb6+ Ke7 87. Bc5+ Kd7 88. Qa7+ Ke6 89. Qb6+ Kd7 90. Be3 Ke7 91. Qb4+ Ke6 92. Qc4+ Kd7 93. Qd4+ Ke6 94. Qc3 Kd7 95. Qg7+ 1/2-1/2

[Event "Rapid della Domenica"]
[Site "Chess.com"]
[Date "2020.05.17"]
[Round "2"]
[White "malberici"]
[Black "ottovolante"]
[Result "1-0"]
[WhiteElo "1558"]
[BlackElo "996"]
[TimeControl "720+3"]
[EndTime "6:37:21 PDT"]
[Termination "malberici ha vinto per abbandono"]

1. d4 e6 2. c4 Nf6 3. a3 d5 4. e3 Nc6 5. Nf3 h6 6. Nc3 a6 7. cxd5 Nxd5 8. Bd3 Nxc3 9. bxc3 f6 10. O-O Ne7 11. Nh4 Nf5 12. Qh5+ Ke7 13. Ng6+ Kd6 14. Nxh8 c6 15. Nf7+ Kc7 16. Nxd8 Kxd8 17. Bxf5 exf5 18. Qf7 Be7 19. Qxg7 Be6 20. Qh8+ 1-0

[Event "Rapid della Domenica"]
[Site "Chess.com"]
[Date "2020.05.17"]
[Round "2"]
[White "SanSecondoPR"]
[Black "toninoiuorio"]
[Result "1-0"]
[WhiteElo "1281"]
[BlackElo "1358"]
[TimeControl "720+3"]
[EndTime "6:47:14 PDT"]
[Termination "SanSecondoPR ha vinto per abbandono"]

1. e4 c5 2. d4 cxd4 3. Nf3 Nc6 4.
Nxd4 e6 5. Nc3 Qc7 6. Nb3 Nf6 7. Bg5 Be7 8. Qd2 a6 9. O-O-O O-O 10. Kb1 b5 11.
Bd3 Rd8 12. f3 Bb7 13. Qf2 Nb4 14. e5 Nxd3 15. Rxd3 Nd5 16. Nxd5 Bxd5 17. Bxe7 Re8 18. Bd6 Qc6 19. Qc5 f6 20. Qxc6 dxc6 21. f4 fxe5 22. Bxe5 Bxg2 23. Rg1 Be4 24. Rxg7+ Kf8 25. Rdd7 Bg6 26.
Bf6 Rad8 27. Bxd8 Rxd8 28. Nc5 Re8 29. Nxa6 e5 30. Nc7 Rc8 31. fxe5 Re8 32. e6 Rc8 33.
h3 Re8 34. Nxe8 1-0

[Event "Rapid della Domenica"]
[Site "Chess.com"]
[Date "2020.05.17"]
[Round "2"]
[White "pedrak"]
[Black "crippo"]
[Result "1-0"]
[WhiteElo "1682"]
[BlackElo "1517"]
[TimeControl "720+3"]
[EndTime "6:49:02 PDT"]
[Termination "pedrak ha vinto per abbandono"]

1. d4 d5 2. Nf3 Nf6 3. Bf4 e6 4.
e3 Be7 5. Bd3 O-O 6. Nbd2 c6 7.
O-O Nbd7 8. Qe2 h6 9. h3 Nh7 10. e4 Bg5 11. Bd6 Re8 12. e5 Be7 13. Bxe7 Qxe7 14.
Nh2 f5 15. f4 c5 16. c3 cxd4 17. cxd4 Qb4 18. Ndf3 Nb6 19. a3 Qe7 20. Rac1 Bd7 21. Nd2 Rac8 22. Nb3 Nf8 23. Nc5 Bc6 24. b4 Nbd7 25. Bb1 Nxc5 26. Rxc5 Qd7 27. Rfc1 a6 28. Qh5 Kh7 29. Ng4 Ng6 30. Rf1 Qf7 31. Ne3 Bb5 32. Rf2 Rxc5 33. bxc5 Rf8 34. Qd1 Kh8 35. Qc2 Ne7 36.
a4 Bc6 37. g4 g6 38. gxf5 gxf5 39. Rg2 Rg8 40. Kh2 Rxg2+ 41. Nxg2 Qh5 42. a5 Ng6 43.
Qd2 Nh4 44. Nxh4 Qxh4 45. Bc2 Bb5 46. Bd1 Bf1 47. Qe3 Qd8 48. Qe1 Bd3 49. Bh5 Qg8 50.
Qg3 Qxg3+ 51. Kxg3 Kg7 52. Kh4 Bb5 53. Bd1 Be8 54.
Be2 Kf7 55. Bh5+ Kf8 56. Bxe8 Kxe8 57. Kh5 Kf7 58. Kxh6 Kg8 59. Kg6 Kf8 60. Kf6 1-0

[Event "Rapid della Domenica"]
[Site "Chess.com"]
[Date "2020.05.17"]
[Round "2"]
[White "caramante"]
[Black "sirmale49"]
[Result "1/2-1/2"]
[WhiteElo "1571"]
[BlackElo "1453"]
[TimeControl "720+3"]
[EndTime "6:52:05 PDT"]
[Termination "Patta d'accordo"]

1. Nf3 d5 2. d4 Nc6 3. g3 Nf6 4. c3 e6 5. Bg2 Be7 6. Bg5 O-O 7.
Bxf6 Bxf6 8. Nbd2 Re8 9. O-O e5 10. dxe5 Nxe5 11. Nxe5 Bxe5 12. Nf3 Bf6 13. Re1 c6 14.
Qc2 Bg4 15. Rad1 Qd7 16. e4 Bh5 17. exd5 Rxe1+ 18. Rxe1 Qxd5 19. Nd4 Qd6 20. Qe4 Bg6 21. Qe3 h6 22. h4 Kf8 23. Nb3 Rd8 24. Qc5 b6 25.
Qxc6 Qxc6 26. Bxc6 Bc2 27. Nd4 Bxd4 28. cxd4 g6 29. d5 Kg7 30. a3 Bb3 31. Re7 Bxd5 32. Bxd5 Rxd5 33. Rxa7 Rd2 34. b4 b5 35. Ra5 Rd5 36. a4 Rd1+ 37. Kg2 bxa4 38. Rxa4 Rb1 39. Kf3 Kf6 40. Ke3 Ke5 41. f4+ Kd5 42. g4 Rb3+ 43.
Kf2 f6 44. Ra5+ Ke4 45. Ra6 Kxf4 46. Rxf6+ Kxg4 47. Rxg6+ Kh5 48. Rb6 Kxh4 49. Rxh6+ Kg4 50. Rb6 Kf4 51. Ke2 Ke4 52. Kd2 Kd4 53. Kc2 Rc3+ 54. Kb2 Rh3 55. Rb8 Kc4 56. b5 Kb4 57. b6 Rh2+ 58. Kc1 Kb5 59. b7 Kb6 60. Kd1 Ka7 61.
Rf8 Kxb7 62. Rf7+ Kc6 1/2-1/2

[Event "Rapid della Domenica"]
[Site "Chess.com"]
[Date "2020.05.17"]
[Round "2"]
[White "OMatteoWuO"]
[Black "sergiodone"]
[Result "1-0"]
[WhiteElo "1190"]
[BlackElo "1423"]
[TimeControl "720+3"]
[EndTime "6:58:35 PDT"]
[Termination "OMatteoWuO ha vinto per abbandono"]

1. d4 Nf6 2. c4 c5 3. d5 b5 4. Nf3 bxc4 5. e3 d6 6. Bxc4 g6 7. Nc3 Bg7 8. Bd2 Nbd7 9. a3 O-O 10. b4 cxb4 11. axb4 Qc7 12. Qb3 Nb6 13. Bb5 Bg4 14. Bc6 Rab8 15. Nd4 Nh5 16. Ndb5 Qd8 17. Rxa7 Bd7 18.
Nd4 Bxd4 19. exd4 Bxc6 20. dxc6 Rc8 21. d5 Nf6 22. Be3 e6 23. Bxb6 Qxb6 24. Rb7 Qd4 25.
O-O exd5 26. Rd1 Qe5 27. b5 d4 28. Na4 Ng4 29. Qg3 Qe2 30. Rf1 Ne5 31. f4 Nd3 32. f5 Qe3+ 33. Qxe3 dxe3 34. fxg6 hxg6 35. Nc3 e2 36. Nxe2 Rfe8 37. Nf4 Nxf4 38. Rxf4 f5 39. c7 Kf7 40. Rf1 Re7 41. b6 Ke6 42. Re1+ Kd7 43.
Rxe7+ Kxe7 44. Rb8 Kd7 45. b7 Rxc7 46. Rd8+ Kxd8 47. b8=Q+ Kd7 48. Qb5+ Ke7 49. h3 Rc1+ 50. Kf2 Rc5 51. Qb7+ Ke6 52. Qg7 Re5 53. Qxg6+ Kd5 54. h4 f4 55. Qd3+ Ke6 56. h5 d5 57. h6 Kd6 58. h7 Rh5 59. Qg6+ 1-0

[Event "Rapid della Domenica"]
[Site "Chess.com"]
[Date "2020.05.17"]
[Round "2"]
[White "Mrtre7"]
[Black "laremaro"]
[Result "0-1"]
[WhiteElo "1428"]
[BlackElo "1613"]
[TimeControl "720+3"]
[EndTime "7:02:55 PDT"]
[Termination "laremaro ha vinto per abbandono"]

1. d4 Nf6 2. c4 e6 3. Nc3 d5 4.
cxd5 exd5 5. Bg5 Be7 6. e3 c6 7.
Bd3 O-O 8. Qc2 h6 9. Bh4 Nbd7 10. Nge2 Re8 11. O-O Nf8 12. Kh1 Ne4 13. Bxe7 Qxe7 14. Rae1 Qh4 15. f3 Nf2+ 16. Kg1 Nxd3 17. Qxd3 Nh7 18. e4 Nf6 19. Ng3 Be6 20. e5 Nh5 21.
Nce2 Nf4 22. Nxf4 Qxf4 23. Nh5 Qg5 24. Ng3 Qf4 25. Ne2 Qf5 26. Qxf5 Bxf5 27. g4 Bd3 28. Rf2 Bxe2 29. Rfxe2 g5 30. Kg2 Re6 31. Kg3 Rae8 32.
h4 f6 33. hxg5 hxg5 34. f4 gxf4+ 35. Kxf4 c5 36. dxc5 a5 37. Kf5 Kf7 38. Kf4 Kg6 39.
Kf3 fxe5 40. Rd2 e4+ 41. Kg3 Re5 42. a3 a4 43. Rd4 Ra8 44. Rb4 Ra5 45. Rxb7 Rxc5 46. Ra7 Rc4 47. Rf1 e3 48. Rff7 d4 49. Rg7+ Kf6 50. Raf7+ Ke6 51. Re7+ Kd5 52. Rxe5+ Kxe5 53. Rg5+ Kf6 54. Rf5+ Kg6 55. Kf3 Rc2 56. Rd5 Rd2 57. Re5 Rxb2 58. Ra5 Rf2+ 59. Ke4 e2 60. Ra6+ Kg5 61. Ra5+ Kxg4 62. Kd3 0-1

[Event "Rapid della Domenica"]
[Site "Chess.com"]
[Date "2020.05.17"]
[Round "3"]
[White "ottovolante"]
[Black "SanSecondoPR"]
[Result "0-1"]
[WhiteElo "993"]
[BlackElo "1285"]
[TimeControl "720+3"]
[EndTime "7:16:15 PDT"]
[Termination "SanSecondoPR ha vinto per abbandono"]

1. e4 e5 2. Nf3 Nc6 3. Bb5 Nge7 4.
Bxc6 Nxc6 5. Nc3 g6 6. d3 Bg7 7. a3 O-O 8. Bd2 d6 9. Qc1 Bg4 10. Bh6 Qf6 11. Bxg7 Qxg7 12. Qg5 Bxf3 13. gxf3 f5 14. Rg1 Nd4 15. Kd1 Nxf3 16. Qg3 Nxg1 17. Qxg1 Qh6 18. Nd5 Rf7 19. c3 fxe4 20. dxe4 c6 21.
Ne3 Qf4 22. Ke2 Qxe4 23. Rf1 Raf8 24. f3 Rxf3 25. Rxf3 Qxf3+ 26. Kd3 d5 27. Qg5 e4+ 28. Kd4 Qf6+ 29. Qxf6 Rxf6 30. h4 Rf4 31. Ng2 Rg4 32. Ne3 Rxh4 33. c4 Rh5 34. cxd5 cxd5 35. Nxd5 Rxd5+ 36. Kxd5 Kg7 37. Kxe4 Kf6 38. b4 h5 39. Kd5 h4 40. Kd6 h3 41. Kc7 h2 42. Kxb7 h1=Q+ 43. Kxa7 Qc6 44. Kb8 Qb5+ 45. Kc7 Qa4 46. Kd6 Qxa3 0-1

[Event "Rapid della Domenica"]
[Site "Chess.com"]
[Date "2020.05.17"]
[Round "3"]
[White "malberici"]
[Black "pedrak"]
[Result "1-0"]
[WhiteElo "1672"]
[BlackElo "1672"]
[TimeControl "720+3"]
[EndTime "7:17:32 PDT"]
[Termination "malberici ha vinto per abbandono"]

1. d4 d5 2. c4 dxc4 3. e3 Nf6 4.
Bxc4 c6 5. a3 Bf5 6. Nc3 e6 7.
Nf3 Nbd7 8. O-O Be7 9. b4 O-O 10. Bb2 a6 11. Rc1 Nd5 12. Nxd5 exd5 13. Ba2 Nf6 14.
h3 h6 15. Ne5 Nd7 16. f4 f6 17. Nd3 Re8 18. Qh5 Bh7 19. Nf2 Bd6 20. Rce1 Nf8 21. e4 Bg6 22. Qf3 Bf7 23. e5 Bc7 24. Ng4 f5 25.
Ne3 Be6 26. Rc1 Qh4 27. Nxd5 Bxd5 28. Bxd5+ cxd5 29. Rxc7 Ne6 30. Rxb7 Rac8 31. Rb6 Rc2 32. Ba1 Rd2 33. Rxa6 Nxd4 34. Qxd5+ Kh8 35. Bxd4 Qg3 36. Rd6 Qxa3 37. e6 Qa4 38. Bxg7+ Kxg7 39. Qxd2 Qxb4 40. Qxb4 1-0

[Event "Rapid della Domenica"]
[Site "Chess.com"]
[Date "2020.05.17"]
[Round "3"]
[White "sirmale49"]
[Black "crippo"]
[Result "0-1"]
[WhiteElo "1446"]
[BlackElo "1526"]
[TimeControl "720+3"]
[EndTime "7:21:05 PDT"]
[Termination "crippo ha vinto per tempo"]

1. e4 e5 2. f4 exf4 3. Nf3 d6 4.
Bc4 Be7 5. O-O Nf6 6. d3 O-O 7. Bxf4 Nc6 8. a3 Ng4 9. h3 Nf6 10. Nc3 Be6 11. Nd5 Nd7 12. Nxe7+ Qxe7 13. Bxe6 fxe6 14.
Ng5 e5 15. Bd2 Rxf1+ 16. Qxf1 Rf8 17. Qd1 Nf6 18. c3 h6 19. Nf3 d5 20. Nh4 dxe4 21. Ng6 Qc5+ 22. Kh1 Rf7 23. b4 Qf2 24. b5 Ne7 25.
Nxe5 exd3 26. Nxd3 Qf5 27. Nf4 Ne4 28. Be3 Nxc3 29. Qd8+ Kh7 30. Rf1 Ne4 31. Kh2 g5 32.
Qxc7 Ng6 33. Qc4 gxf4 34. g4 fxg3+ 0-1

[Event "Rapid della Domenica"]
[Site "Chess.com"]
[Date "2020.05.17"]
[Round "3"]
[White "laremaro"]
[Black "fausto2p"]
[Result "1-0"]
[WhiteElo "1615"]
[BlackElo "1199"]
[TimeControl "720+3"]
[EndTime "7:23:51 PDT"]
[Termination "laremaro ha vinto per scaccomatto"]

1. e4 e6 2. d3 d5 3. Nd2 c5 4. Ngf3 Nc6 5. g3 Nf6 6. Bg2 Bd6 7. O-O O-O 8. Re1 Be7 9. c3 e5 10. exd5 Nxd5 11. Nxe5 Nxe5 12. Rxe5 Nf6 13. Nc4 Bg4 14. Qb3 Rb8 15. Bf4 Qxd3 16. Rxe7 Rbe8 17. Ne5 Qe2 18.
Rxe8 Nxe8 19. Nd7 Be6 20. Qd1 Qxb2 21. Nxf8 Kxf8 22. Bd6+ Kg8 23. Bxc5 Qxc3 24. Rc1 Qa5 25. Bxb7 Nf6 26. Bb4 Qb6 27. Bg2 h6 28. a3 Ng4 29.
Qd2 a5 30. Bc5 Qb5 31. Qd8+ Kh7 32. Be4+ g6 33. Bd4 Qh5 34. Qh8# 1-0

[Event "Rapid della Domenica"]
[Site "Chess.com"]
[Date "2020.05.17"]
[Round "3"]
[White "sergiodone"]
[Black "Mrtre7"]
[Result "1-0"]
[WhiteElo "1431"]
[BlackElo "1415"]
[TimeControl "720+3"]
[EndTime "7:24:03 PDT"]
[Termination "sergiodone ha vinto per abbandono"]

1. e4 c5 2. Nf3 e6 3. d4 cxd4 4. Nxd4 Nc6 5. Be3 Qc7 6. Nc3 a6 7. f3 Bb4 8. Be2 d5 9. Nxc6 bxc6 10. O-O Nf6 11. exd5 cxd5 12. Bd4 e5 13. Bf2 d4 14.
Ne4 Nxe4 15. fxe4 O-O 16. Bd3 Rb8 17. Bg3 Bd6 18. b3 a5 19. a4 Qc6 20. h3 Ba6 21.
Rf5 f6 22. Qe2 Bxd3 23. Qxd3 Rfc8 24. Rf2 Qc3 25. Rd1 Rb7 26. Qa6 Rbc7 27. Qxd6 Qxg3 28. Qd5+ Kh8 29. Rf3 Qg5 30. c4 Rc5 31. Qd7 Qg6 32. Re1 Qg5 33. Kh2 Qd2 34. Ref1 R5c7 35. Qd5 Qb4 36.
Rg3 Rc5 37. Qf7 R5c7 38. Qe6 Re7 39. Qxc8+ 1-0

[Event "Rapid della Domenica"]
[Site "Chess.com"]
[Date "2020.05.17"]
[Round "3"]
[White "OMatteoWuO"]
[Black "caramante"]
[Result "0-1"]
[WhiteElo "1188"]
[BlackElo "1574"]
[TimeControl "720+3"]
[EndTime "7:27:23 PDT"]
[Termination "caramante ha vinto per scaccomatto"]

1. d4 Nf6 2. c4 g6 3. Nc3 Bg7 4. e4 d6 5. Nf3 c6 6. Bg5 O-O 7. Bxf6 Bxf6 8. Qc2 Nd7 9. Rd1 Bg7 10. Be2 Re8 11.
O-O Nf6 12. e5 Nd7 13. exd6 exd6 14. c5 d5 15. b4 Qc7 16. a4 Nf6 17. h3 Bf5 18. Bd3 Bxd3 19. Qxd3 Re7 20. b5 Rae8 21. Ne5 Nd7 22. Nxd7 Qxd7 23. a5 Qc7 24. b6 axb6 25. axb6 Qd7 26. Ra1 Qe6 27. Ra2 Qf6 28. Ne2 Re4 29.
Rfa1 h5 30. Ra8 Rxa8 31. Rxa8+ Kh7 32. Ra7 Qe7 33. Ra2 h4 34. f3 Re3 35. Qd1 Qg5 36. f4 Qe7 37. Kh2 Qe4 38. Rd2 Bh6 39. Qf1 Qf5 40. Ra2 Re4 41. g3 Re3 42. g4 Qd3 43. f5 Rf3 44. fxg6+ fxg6 45. Qg2 Bf4+ 46. Kh1 Qb1+ 47.
Nc1 Qxc1+ 48. Qg1 Rf1 49. Qxf1 Qxf1# 0-1

[Event "Rapid della Domenica"]
[Site "Chess.com"]
[Date "2020.05.17"]
[Round "4"]
[White "crippo"]
[Black "laremaro"]
[Result "1-0"]
[WhiteElo "1539"]
[BlackElo "1600"]
[TimeControl "720+3"]
[EndTime "7:37:11 PDT"]
[Termination "crippo ha vinto per abbandono"]

1. e4 d5 2. exd5 Qxd5 3. Nc3 Qd6 4. d4 c6 5. Nf3 Bg4 6. Be3 e6 7. Be2 Nf6 8. O-O Be7 9. h3 Bh5 10. Ne5 Bxe2 11. Qxe2 Qc7 12. f3 Nbd7 13. Bf4 Bd6 14. Ne4 Nd5 15. Nxd6+ Qxd6 16. Bg3 Qe7 17. c4 N5f6 18. c5 Nxe5 19. Bxe5 O-O-O 20. b4 Nd5 21. b5 Nc3 22. Qb2 Nxb5 23. a4 Nc7 24. Rab1 Nd5 25. Bd6 Qd7 26. a5 a6 27. Qb3 g5 28. Rf2 Rhg8 29. Rfb2 h5 30. Qxb7+ Qxb7 31. Rxb7 Nc3 32. Rb8+ Kd7 33. R1b7+ Ke8 34. Re7+ 1-0

[Event "Rapid della Domenica"]
[Site "Chess.com"]
[Date "2020.05.17"]
[Round "4"]
[White "fausto2p"]
[Black "Mrtre7"]
[Result "1-0"]
[WhiteElo "1220"]
[BlackElo "1396"]
[TimeControl "720+3"]
[EndTime "7:40:45 PDT"]
[Termination "fausto2p ha vinto per abbandono"]

1. d4 d5 2. c4 c6 3. Nf3 e6 4. Nc3 dxc4 5. a4 Bb4 6. e4 Nf6 7. e5 Nd5 8. Bd2 Nxc3 9. bxc3 Ba5 10.
Bxc4 a6 11. O-O b5 12. axb5 cxb5 13. Bd3 Bb7 14. Ng5 Bxc3 15. Nxe6 fxe6 16. Qh5+ Kd7 17.
Bxc3 g6 18. Qh6 Nc6 19. Be4 Qf8 20. Qh3 g5 21. d5 Nd8 22. dxe6+ Kc8 23. e7+ 1-0

[Event "Rapid della Domenica"]
[Site "Chess.com"]
[Date "2020.05.17"]
[Round "4"]
[White "ottovolante"]
[Black "sergiodone"]
[Result "0-1"]
[WhiteElo "992"]
[BlackElo "1432"]
[TimeControl "720+3"]
[EndTime "7:42:12 PDT"]
[Termination "sergiodone ha vinto per scaccomatto"]

1. e4 c5 2. Nf3 d6 3. Nc3 a6 4.
Bc4 e6 5. d4 cxd4 6. Qxd4 Nf6 7. e5 Nc6 8. Qd1 Ng8 9. O-O d5 10. Be2 Be7 11. a3 h5 12. Bd2 Nh6 13. Bxh6 Rxh6 14.
Nd4 Nxd4 15. Qxd4 g6 16. Qd2 Rh8 17. f4 Qb6+ 18. Kh1 Bd7 19. b3 Bc6 20. Bf3 h4 21. a4 h3 22. a5 hxg2+ 23. Bxg2 Qc5 24. Na4 Qb4 25. Qxb4 Bxb4 26. c3 Be7 27. Nb2 Bc5 28. b4 Be3 29. Nd1 Ba7 30. Nb2 Rh4 31. Nd1 Ke7 32. Rb1 Rah8 33. h3 d4 34. Rc1 Rxh3+ 35. Kg1 d3+ 36. Nf2 Rg3 37. Rcd1 Rxg2# 0-1

[Event "Rapid della Domenica"]
[Site "Chess.com"]
[Date "2020.05.17"]
[Round "4"]
[White "pedrak"]
[Black "SanSecondoPR"]
[Result "1-0"]
[WhiteElo "1674"]
[BlackElo "1283"]
[TimeControl "720+3"]
[EndTime "7:43:27 PDT"]
[Termination "pedrak ha vinto per abbandono"]

1. d4 d5 2. Nf3 Nf6 3. Bf4 e6 4. e3 Bd6 5. Bg3 c6 6. Bd3 Qc7 7. Nbd2 Bxg3 8. hxg3 Nbd7 9. Qe2 Nf8 10. c3 Ng6 11. a3 Bd7 12. b4 O-O-O 13. a4 e5 14.
dxe5 Nxe5 15. Nxe5 Qxe5 16. Rc1 Bg4 17. Nf3 Qe7 18. a5 Ne4 19. O-O h5 20. Qc2 f5 21.
Nh4 g5 22. Ng6 Qf6 23. Nxh8 h4 24. f3 Bh5 25. fxe4 hxg3 26. Rxf5 Qxh8 27. Kf1 Bg4 28. Ke1 Bxf5 29. exf5 Qh1+ 30. Bf1 Re8 31. Qe2 Qg1 32.
Kd2 Qh2 33. Qf3 g4 34. Qxg4 Qh6 35. Re1 Qf6 36. Bd3 b6 37. axb6 axb6 38. Qxg3 c5 39. bxc5 bxc5 40. Rb1 Kd7 41. Rb7+ 1-0

[Event "Rapid della Domenica"]
[Site "Chess.com"]
[Date "2020.05.17"]
[Round "4"]
[White "caramante"]
[Black "malberici"]
[Result "1-0"]
[WhiteElo "1592"]
[BlackElo "1584"]
[TimeControl "720+3"]
[EndTime "7:44:01 PDT"]
[Termination "caramante ha vinto per abbandono"]

1. Nf3 g6 2. d4 Bg7 3. g3 d6 4.
Bg2 Nc6 5. c3 Nf6 6. O-O O-O 7.
Re1 e6 8. e4 Ne7 9. h3 c6 10.
Qc2 Nd7 11. Be3 e5 12. Nbd2 exd4 13. cxd4 d5 14. Qb3 Nb6 15. Rad1 Be6 16. e5 Rb8 17. Ng5 Nc4 18. Nxe6 fxe6 19. Nxc4 dxc4 20. Qxc4 Nd5 21. Bxd5 cxd5 22. Qa4 a6 23. Rc1 Qe7 24. Rc2 h6 25. Rec1 g5 26. Rc7 Qd8 27. Qd1 Rf7 28. Rxf7 Kxf7 29. Qh5+ Kg8 30. Qg6 Qd7 31. f4 gxf4 32. Bxf4 Kh8 33. Rf1 Rc8 34. Bxh6 Bxh6 35. Qxh6+ Qh7 36.
Qxe6 Rg8 37. Qf6+ Qg7 38. e6 Qxf6 39. Rxf6 Rxg3+ 40. Kh2 Re3 41. Rf8+ Kg7 42. Rb8 Rxe6 43. Rxb7+ Kf6 44. Rd7 Rb6 45. Rxd5 Rxb2+ 46. Kg3 Rxa2 47. Kg4 a5 48. h4 a4 49. Rd6+ Kg7 50. Ra6 a3 51. h5 Ra1 52. Kg5 a2 53. Ra7+ Kh8 54. Kh6 Kg8 55. Ra8+ Kf7 56. Kh7 Ke6 57. h6 Kd5 58. Kh8 Kxd4 59. h7 Ke5 60. Kg8 Rg1+ 61. Kf7 Rf1+ 62. Ke7 a1=Q 63. Rxa1 Rxa1 64. h8=Q+ 1-0

[Event "Rapid della Domenica"]
[Site "Chess.com"]
[Date "2020.05.17"]
[Round "4"]
[White "sirmale49"]
[Black "OMatteoWuO"]
[Result "0-1"]
[WhiteElo "1433"]
[BlackElo "1206"]
[TimeControl "720+3"]
[EndTime "7:50:10 PDT"]
[Termination "OMatteoWuO ha vinto per abbandono"]

1. e4 c5 2. f4 Nc6 3. Nf3 d6 4. Bc4 Nf6 5. d3 Bg4 6. O-O Bxf3 7. Qxf3 Nd4 8. Qd1 b5 9. c3 bxc4 10. cxd4 cxd3 11. Qxd3 cxd4 12. e5 dxe5 13. fxe5 Ng4 14.
Qf5 Ne3 15. Qxf7+ Kd7 16. e6+ Kc8 17. Bxe3 dxe3 18. Rc1+ Kb8 19. Qf4+ Qd6 20. Qxe3 Qb6 21. Qxb6+ axb6 22. Nc3 g6 23. Nd5 Bg7 24. Rc2 Bd4+ 25.
Kh1 Bc5 26. a3 Rd8 27. Rd2 Ra4 28. Rad1 Re4 29. g3 Rxe6 30. Kg2 g5 31. Kf3 h5 32. b4 g4+ 33. Kg2 Be3 34. Re2 Re5 35. Nxe3 Rxd1 36. Nxd1 Rxe2+ 37. Kf1 Rxh2 38. Ne3 Ra2 39. Nc4 b5 40. Ne5 Rxa3 41. Nc6+ Kc7 42. Nxe7 Rxg3 43. Nd5+ Kd6 44. Nb6 Rf3+ 45. Kg2 h4 46.
Nc8+ Kd7 47. Nb6+ Kc6 48. Nc8 h3+ 49. Kh2 Rf2+ 50. Kh1 g3 51. Ne7+ Kd7 52. Kg1 h2+ 53. Kh1 Rf1+ 54. Kg2 h1=Q+ 0-1